 Dungeon Crawl Stone Soup version 0.19-a0-386-gde47aeb (webtiles) character file.

1481 zBurned the Covered (level 9, -21/68 HPs)
             Began as a Human Fighter on May 31, 2016.
             Was a Believer of Nemelex Xobeh.
             Demolished by a hill giant
             ... wielding a +0 giant spiked club
              (33 damage)
             ... on level 8 of the Dungeon.
             The game lasted 00:55:17 (4725 turns).

zBurned the Covered (Human Fighter)                 Turns: 4725, Time: 00:55:18

Health: -21/68     AC: 17    Str: 21    XL:     9   Next: 7%
Magic:  9/9        EV:  0    Int:  8    God:    Nemelex Xobeh [**....]
Gold:   274        SH: 10    Dex: 12    Spells: 0 memorised, 8 levels left

rFire  + . .     SeeInvis .     E - +2 flail (holy)
rCold  x . .     Gourm    .     k - +3 plate armour
rNeg   . . .     Faith    .     c - +0 shield
rPois  .         Spirit   .     (no helmet)
rElec  .         Dismiss  .     o - +0 cloak
rCorr  .         Reflect  .     (no gloves)
SustAt .         Harm     .     (no boots)
MR     .....                    (no amulet)
Stlth  ..........               (no ring)
                                j - ring of fire

@: not resistant to hostile enchantments, extremely unstealthy
A: no striking features
a: Renounce Religion


You were on level 8 of the Dungeon.
You worshipped Nemelex Xobeh.
Nemelex Xobeh was pleased with you.
You were not hungry.

You visited 2 branches of the dungeon, and saw 9 of its levels.

You collected 274 gold pieces.

Inventory:

Hand Weapons
 a - a +0 war axe
 e - a +0 hunting sling
 g - a +0 whip of venom
 n - a +2 quarterstaff of chaos
 u - a +2 hand axe of freezing
 v - a +0 scythe
 C - a +0 giant club
 E - a +2 flail of holy wrath (weapon)
Missiles
 d - 45 arrows
 p - 77 bolts
 x - 8 needles of confusion
 y - 8 curare-tipped needles
Armour
 b - a +0 scale mail
 c - a +0 shield (worn)
 k - a +3 plate armour (worn)
 o - a +0 cloak (worn)
 s - a +2 robe of cold resistance
 F - a +0 cloak
Magical Staves
 r - an uncursed staff of death
Jewellery
 h - an uncursed amulet of dismissal {unknown}
 j - a ring of fire (left hand)
Wands
 D - a wand of paralysis (10/24)
Scrolls
 l - 3 scrolls of remove curse
 B - a scroll of magic mapping
Potions
 q - 2 potions of flight
Books
 i - a book of the Dragon

   Spells                             Type                      Level
   a - Flame Tongue                   Conjuration/Fire             1
   b - Cause Fear                     Hexes                        4
   c - Bolt of Fire                   Conjuration/Fire             6
   d - Dragon Form                    Transmutation                7
   e - Dragon's Call                  Summoning                    9
 w - a book of Geomancy

   Spells                             Type                      Level
   a - Sandblast                      Earth                        1
   b - Passwall                       Transmutation/Earth          2
   c - Stone Arrow                    Conjuration/Earth            3
   d - Petrify                        Transmutation/Earth          4
   e - Lee's Rapid Deconstruction     Earth                        5
Miscellaneous
 m - a plain deck of escape
 A - a plain deck of war {drawn: 1}
Comestibles
 f - 3 bread rations
 z - 3 fruits


   Skills:
 + Level 5.4 Fighting
 + Level 4.0(4.1) Axes
 + Level 1.5(3.0) Maces & Flails
 + Level 6.6 Armour
 + Level 2.6 Dodging
 + Level 0.2 Stealth
 + Level 6.3 Shields
 + Level 0.2 Evocations


You had 8 spell levels left.
You didn't know any spells.

Dungeon Overview and Level Annotations

Branches:
Dungeon (8/15)             Temple (1/1) D:4
   Lair: D:8-11

Altars:
Cheibriados
Dithmenos
Elyvilon
Fedhas
Gozag
Hepliaklqana
Kikubaaqudgha
Makhleb
Nemelex Xobeh
Pakellas
Trog
Uskayaw
Vehumet
Xom
Zin
The Shining One


Message History

There is a stone staircase leading down here.
You start resting.
Your magical contamination has completely faded away.
You start resting.
HP restored.
You see here a scroll of random uselessness.
Found 13 stones.
i - a book of the Dragon
There is a stone staircase leading down here.
You climb downwards.
The hill giant hits you with a giant spiked club!!
There is a stone staircase leading up, spattered with blood here.
You thump the hill giant!
The hill giant is lightly wounded.
The hill giant hits you with a giant spiked club!!
* * * LOW HITPOINT WARNING * * *
You block the crimson imp's attack.
The hill giant hits you with a giant spiked club!!
You die...
Your body glows slightly and disappears.

### ##.############
##.........(...# #
##.....#.....###.. .#
##........##.## #.##
#...........C# ....
######........##@## #..
............#.###5###†#
.#######...##.####l..###.#
##.###......(.....#
#.#..........###.#
#.#.########.# #.# #.#.# #.#
#.# ######.#.# #.# #.#
..........####.###.###.#####.#


You could see a hill giant, a crimson imp and a giant gecko.

Vanquished Creatures
  Sigmund (D:5)
  Edmund (D:6)
  An ice beast (D:5)
  4 ogres
  A giant frog (D:6)
  3 howler monkeys
  A crimson imp (D:5)
  A quasit (D:4)
  A jelly (D:6)
  A centaur skeleton (D:8)
  Crazy Yiuf (D:2)
  A hound (D:5)
  4 orc wizards
  3 worker ants
  A killer bee zombie (D:6)
  A hound skeleton (D:5)
  A worker ant zombie (D:6)
  12 adders
  An ooze (D:1)
  An adder zombie (D:8)
  A worm (D:2)
  3 dart slugs
  A giant gecko (D:1)
  10 orcs
  4 bats
  5 giant cockroaches
  5 goblins
  8 hobgoblins
  2 jackals (D:2)
  2 kobolds
  A quokka (D:5)
  2 giant gecko skeletons
  5 giant newts
  A jackal skeleton (D:5)
  7 rats
98 creatures vanquished.

Vanquished Creatures (collateral kills)
  A hound (D:6)
1 creature vanquished.

Grand Total: 99 creatures vanquished

Notes
Turn   | Place    | Note
--------------------------------------------------------------
     0 | D:1      | zBurned the Human Fighter began the quest for the Orb.
     0 | D:1      | Reached XP level 1. HP: 18/18 MP: 1/1
   200 | D:1      | Reached XP level 2. HP: 17/24 MP: 2/2
   553 | D:1      | Reached XP level 3. HP: 25/29 MP: 3/3
  1091 | D:2      | Found a sparkling altar of Nemelex Xobeh.
  1095 | D:2      | Became a worshipper of Nemelex Xobeh the Trickster
  1151 | D:2      | Reached XP level 4. HP: 29/36 MP: 4/4
  1404 | D:2      | Received a gift from Nemelex Xobeh
  1417 | D:2      | Noticed Crazy Yiuf
  1427 | D:2      | Killed Crazy Yiuf
  1565 | D:3      | Reached skill level 1 in Dodging
  1615 | D:3      | Reached XP level 5. HP: 39/42 MP: 5/5
  2094 | D:4      | Reached * piety under Nemelex Xobeh
  2121 | D:4      | Found a shadowy altar of Dithmenos.
  2122 | D:4      | Found a white marble altar of Elyvilon.
  2122 | D:4      | Found a burning altar of Makhleb.
  2135 | D:4      | Reached XP level 6. HP: 28/48 MP: 6/6
  2370 | D:4      | Found a bloodstained altar of Trog.
  2481 | D:4      | Reached skill level 1 in Maces & Flails
  2658 | D:4      | Reached XP level 7. HP: 53/54 MP: 7/7
  2811 | D:4      | Found a staircase to the Ecumenical Temple.
  2824 | Temple   | Entered the Ecumenical Temple
  3333 | D:5      | Entered Level 5 of the Dungeon
  3429 | D:5      | Reached skill level 5 in Armour
  3448 | D:5      | Noticed Sigmund
  3463 | D:5      | Killed Sigmund
  3490 | D:5      | Received a gift from Nemelex Xobeh
  3513 | D:5      | Reached skill level 5 in Shields
  3533 | D:5      | Reached XP level 8. HP: 42/61 MP: 8/8
  3993 | D:6      | Noticed Edmund
  4013 | D:6      | Killed Edmund
  4013 | D:6      | Reached skill level 5 in Fighting
  4307 | D:6      | You fall through a shaft for 2 floors!
  4329 | D:8      | Reached XP level 9. HP: 66/68 MP: 9/9
  4366 | D:8      | Noticed a hill giant
  4387 | D:8      | HP: 2/68 [hill giant/giant spiked club (26)]
  4388 | D:8      | Reached ** piety under Nemelex Xobeh
  4725 | D:8      | Demolished by a hill giant

Vault maps used:
D:1:      dpeg_arrival_yet_another_circle
D:2:      nemelex_diamond_rough_becter, uniq_terence, uniq_crazy_yiuf_cottage
D:4:      nicolae_overflow_quartered_altars, minmay_temple_entry_water_ring,
          first_bread
D:5:      uniq_sigmund
D:6:      uniq_edmund, uniq_blork_the_orc
D:8:      serial_shops, kennysheep_mini_moat
Temple:   circular_temple_12

Skill      XL: |  1  2  3  4  5  6  7  8  9 |
---------------+----------------------------+-----
Armour         | 4 5 6 |  6.6
Dodging        | 1 2 |  2.6
Fighting       | 4 5 |  5.4
Shields        | 4 5 6 |  6.3
Maces & Flails | 1 |  1.5
Axes           | 3 4 |  4.0
Stealth        | |  0.2
Evocations     | |  0.2

Action                   |  1- 3 |  4- 6 |  7- 9 || total
-------------------------+-------+-------+-------++-------
Melee: Whip              |   100 |    98 |       ||   198
       Hand axe          |       |   105 |   169 ||   274
       Flail             |       |       |    43 ||    43
Evoke: Deck              |       |       |     1 ||     1
  Use: Scroll            |     5 |     4 |    11 ||    20
       Potion            |     5 |     3 |     3 ||    11
  Eat: Bread ration      |     1 |       |     1 ||     2
       Meat ration       |       |     1 |       ||     1
Armor: Scale mail        |    27 |       |       ||    27
       Plate armour      |    26 |   126 |   180 ||   332
Dodge: Dodged            |    15 |    23 |    42 ||    80
Block: Shield            |    42 |    81 |   127 ||   250
